 Dungeon Crawl Stone Soup version 0.27-a0-795-ge5c3fa52fd (webtiles) character file.

Game seed: 4356280429615629166

5 EnegeticOcto the Magician (level 1, -1/16 HPs)
             Began as a Djinni Necromancer on Mar 27, 2021.
             Slain by a kobold
             ... wielding a +0 dagger
              (2 damage)
             ... on level 1 of the Dungeon.
             The game lasted 00:00:20 (44 turns).

EnegeticOcto the Magician (Djinni Necromancer)        Turns: 44, Time: 00:00:21

Health: -1/16      AC:  2    Str:  7    XL:     1   Next: 80%
Gold:   0          EV: 12    Int: 16    God:
                   SH:  0    Dex: 13

rFire    + + .     SeeInvis .   b - +0 dagger
rCold    x . .     Faith    .   (no shield)
rNeg     . . .     Spirit   .   a - +0 robe
rPois    ∞         Reflect  .   (no helmet)
rElec    .         Harm     .   (no cloak)
rCorr    .         Rampage  .   (no gloves)
Will     .....                  (boots unavailable)
Stlth    ++........             (no amulet)
HPRegen  0.05/turn              (no ring)
MPRegen  0.00/turn              (no ring)

@: flying
A: fire resistance 2, cold vulnerability 1, float, innate caster, hp casting,
extra vitality 1
a: no special abilities


You were on level 1 of the Dungeon.
You visited 1 branch of the dungeon, and saw 2 of its levels.

Inventory:

Hand Weapons
 b - a +0 dagger (weapon)
   (You took it off a goblin on level 1 of the Dungeon)
Armour
 a - a +0 robe (worn)


   Skills:
 + Level 0.8 Fighting
 - Level 2.1 Dodging
 - Level 1.5 Stealth
 + Level 3.7 Spellcasting


You couldn't memorise any spells.
You knew the following spells:

 Your Spells              Type           Power      Damage    Failure   Level
a - Pain                  Necr           56%        1d6       3%          1
b - Animate Skeleton      Necr           28%        N/A       3%          1
c - Vampiric Draining     Necr           7%         2d7       11%         3
d - Animate Dead          Necr           7%         N/A       36%         4
e - Agony                 Necr           14%        N/A       71%         5
Your spell library was empty.

Dungeon Overview and Level Annotations

Branches:
Dungeon (2/15)

Altars:


Innate Abilities, Weirdness & Mutations

You are immune to poison.
Your flesh is very heat resistant. (rF++)
You are vulnerable to cold. (rC-)
You float through the air rather than walking.
You learn spells naturally, not from books.
Your magical power is your life essence.
You have superior vitality. (+4 HP)


Message History

Welcome, EnegeticOcto the Djinni Necromancer.
Will you prevail where others failed? Will you find the Orb of Zot?
Press ? for a list of commands and other information.
Found a staircase leading out of the dungeon.
You begin with the following spells memorised: Pain, Animate Skeleton, Vampiric Draining, Animate Dead, Agony.
Found a stone staircase leading down.
There is a fountain of clear blue water here.
A goblin comes into view. It is wielding a +0 dagger.
There is a stone staircase leading down here.
Cast which spell? (? or * to list)
Aiming: Pain (safe; 4% risk of failure)
Press: ? - help, Shift-Dir - straight line, f - goblin
Aim: a goblin, wielding a +0 dagger (asleep, chance to affect: 85%)
The goblin shouts!
The goblin writhes in agony.
Casting: Pain (safe; 4% risk of failure)
Confirm with . or Enter, or press ? or * to list all spells.
Aiming: Pain (safe; 4% risk of failure)
Press: ? - help, Shift-Dir - straight line, f/p - goblin
Aim: a goblin, wielding a +0 dagger (heavily wounded, chance to affect: 85%)
The goblin barely resists.
Casting: Pain (safe; 4% risk of failure)
Confirm with . or Enter, or press ? or * to list all spells.
Aiming: Pain (safe; 4% risk of failure)
Press: ? - help, Shift-Dir - straight line, f/p - goblin
Aim: a goblin, wielding a +0 dagger (heavily wounded, chance to affect: 85%)
The goblin writhes in agony.
Casting: Pain (safe; 4% risk of failure)
Confirm with . or Enter, or press ? or * to list all spells.
Aiming: Pain (safe; 4% risk of failure)
Press: ? - help, Shift-Dir - straight line, f/p - goblin
Aim: a goblin, wielding a +0 dagger (severely wounded, chance to affect: 85%)
The goblin writhes in agony.
You kill the goblin!
You see here a +0 dagger.
b - a +0 dagger (weapon)
There is a stone staircase leading down here.
You fly downwards.
There is a stone staircase leading up here.
You reach down and open the door.
A hobgoblin comes into view.
A dart slug comes into view.
There is an open door here.
Casting: Pain (safe; 4% risk of failure)
Confirm with . or Enter, or press ? or * to list all spells.
Aiming: Pain (safe; 4% risk of failure)
Press: ? - help, Shift-Dir - straight line, f - hobgoblin
Aim: a hobgoblin (asleep, chance to affect: 85%)
The hobgoblin shouts!
The hobgoblin writhes in agony.
You kill the hobgoblin!
Found a stone staircase leading up.
Casting: Pain (safe; 3% risk of failure)
Confirm with . or Enter, or press ? or * to list all spells.
Aiming: Pain (safe; 3% risk of failure)
Press: ? - help, Shift-Dir - straight line, f - dart slug
Aim: a dart slug (chance to affect: 85%)
The dart slug barely resists.
* * * LOW HITPOINT WARNING * * *
Casting: Pain (safe; 3% risk of failure)
Confirm with . or Enter, or press ? or * to list all spells.
Aiming: Pain (safe; 3% risk of failure)
Press: ? - help, Shift-Dir - straight line, f/p - dart slug
Aim: a dart slug (chance to affect: 85%)
The dart slug writhes in agony.
* * * LOW HITPOINT WARNING * * *
Casting: Pain (safe; 3% risk of failure)
Confirm with . or Enter, or press ? or * to list all spells.
Aiming: Pain (safe; 3% risk of failure)
Press: ? - help, Shift-Dir - straight line, f/p - dart slug
Aim: a dart slug (heavily wounded, chance to affect: 85%)
The dart slug writhes in agony.
You kill the dart slug!
* * * LOW HITPOINT WARNING * * *
There is a stone staircase leading up here.
You fly upwards.
A kobold comes into view. It is wielding a +0 dagger.
There is a stone staircase leading down here.
The kobold shouts!
A bat comes into view.
The kobold hits you but does no damage.
You hit the kobold but do no damage. The kobold hits you with a +0 dagger.
You die...

#.# ...
#.# #.#
#.# #.#
####.#
#.K@>#
#....#
#...###
#.b..#
...##.
.# #. #


You could see a bat and a kobold.

Vanquished Creatures
  A dart slug (D:2)
  A goblin (D:1)
  A hobgoblin (D:2)
3 creatures vanquished.

Notes
Turn   | Place    | Note
-------+----------+-------------------------------------------
     0 | D:1      | EnegeticOcto the Djinni Necromancer began the quest for the
                  | Orb.
     0 | D:1      | Reached XP level 1. HP: 15/15 MP: 0/0
    44 | D:1      | Slain by a kobold

Illustrated notes

Levels and vault maps discovered:
D:1:      amcnicky_arrival_underground_garden, layout_basic, minmay_tromino_v7
D:2:      layout_loops_corners, nzn_hepliaklqana_mist_gate, uniq_natasha,
          uniq_jessica, uniq_terence

Action                   || total
-------------------------++-------
Melee: Dagger            ||     1
 Cast: Pain              ||     8
Armor: Robe              ||     1

Table legend: (Time is in decaauts)
 A = Elapsed time spent in this place.
 B = Non-inter-level travel time spent in this place.
 C = Inter-level travel time spent in this place.
 D = Time resting spent in this place.
 E = Time spent auto-exploring this place.
 F = Levels seen in this place.
 G = Mean time per level.
                   A        B        C        D        E       F      G
               +--------+--------+--------+--------+--------+-----+--------+
         Total |     43 |     43 |      0 |      0 |      0 |   2 |   21.5 |
       Dungeon |     43 |     43 |      0 |      0 |      0 |   2 |   21.5 |
               +--------+--------+--------+--------+--------+-----+--------+

Top non-repeatable levels by time:
     D:1: 22 daAuts
     D:2: 21 daAuts
